 Dungeon Crawl Stone Soup version 0.25.0-9-g26727b657a (webtiles) character file.

Game seed: 4670414313790468679

1397 Flugkiller the Chopper (level 8, -5/74 HPs)
             Began as a Deep Dwarf Fighter on June 20, 2020.
             Slain by Harold
             ... wielding a cursed +0 dire flail
              (20 damage)
             ... on level 7 of the Dungeon.
             The game lasted 00:01:32 (2495 turns).

Flugkiller the Chopper (Deep Dwarf Fighter)         Turns: 2495, Time: 00:01:33

Health: -5/74      AC:  8    Str: 22    XL:     8   Next: 41%
Magic:  1/1 (5)    EV:  9    Int:  9    God:
Gold:   230        SH:  0    Dex: 12    Spells: 7/7 levels left

rFire    . . .     SeeInvis .   a - +8 Wrath of Trog {antimagic, *Rage}
rCold    . . .     Gourm    .   (shield currently unavailable)
rNeg     . . .     Faith    .   b - +0 scale mail
rPois    .         Spirit   .   l - +0 helmet
rElec    .         Reflect  .   (no cloak)
rCorr    .         Harm     .   (no gloves)
MR       +....     Rnd*Rage +   (no boots)
Stlth    ..........             (no amulet)
HPRegen  0.00/turn              (no ring)
MPRegen  0.07/turn              (no ring)

@: berserk cooldown, non-regenerating, slowed, very slow
A: damage resistance, heal wounds, sense surroundings 1, no regeneration
a: Heal Wounds


You were on level 7 of the Dungeon.
You were not hungry.

You visited 1 branch of the dungeon, and saw 7 of its levels.

You collected 230 gold pieces.

Inventory:

Hand Weapons
 a - the +8 Wrath of Trog (weapon) {antimagic, *Rage}
   (You found it on level 6 of the Dungeon)

   It reduces the magical energy of the wielder, and disrupts the spells and
   magical abilities of those hit.
   Natural abilities and divine invocations are not affected.
   It may make you go berserk in combat.
 r - a +0 broad axe
   (You took it off a crimson imp on level 6 of the Dungeon)
Armour
 b - a +0 scale mail (worn)
 c - a +0 kite shield
 l - a +0 helmet (worn)
   (You took it off Robin on level 3 of the Dungeon)
Scrolls
 e - a scroll of random uselessness {unknown}
 i - a scroll of identify {unknown}
 j - 3 scrolls of remove curse {unknown}
 p - a scroll of teleportation {unknown}
Potions
 d - a potion of might
 f - a potion of invisibility
 g - a potion of brilliance {unknown}
 h - 2 potions of heal wounds {unknown}
 k - 2 potions of mutation {unknown}
 m - a potion of haste {unknown}
 n - a potion of lignification {unknown}
 q - a potion of curing
Comestibles
 o - a chunk of flesh


   Skills:
 + Level 5.1 Fighting
 * Level 7.5 Axes
 + Level 6.1 Armour
 - Level 5.8 Shields


You had 7 spell levels left.
You didn't know any spells.
Your spell library was empty.

Dungeon Overview and Level Annotations

Branches:
Dungeon (7/15)
 Temple: D:4-7

Altars:
Kikubaaqudgha
Xom

Annotations:
D:7 Harold


Innate Abilities, Weirdness & Mutations

You are resistant to damage.
You can heal yourself by infusing magical energy.
You passively map a small area around you.
You do not regenerate.


Message History

Harold is severely wounded.
Harold hits you with a cursed +0 dire flail!
Harold hits you with a cursed +0 dire flail!!
* * * LOW HITPOINT WARNING * * *
You are too injured to fight recklessly!
You are too injured to fight recklessly!
You are too injured to fight recklessly!
You are too injured to fight recklessly!
You are too injured to fight recklessly!
You are too injured to fight recklessly!
You are too injured to fight recklessly!
You are too injured to fight recklessly!
You are too injured to fight recklessly!
You are too injured to fight recklessly!
You are too injured to fight recklessly!
You slash Harold!
Harold's magic leaks into the air.
Harold is severely wounded.
Harold barely misses you.
Harold hits you with a cursed +0 dire flail!!
You die...

, * , # #. ####.####
*......†.# *......#@#
......@.# ######## *
......#†# #......#
...#.##.#######.####.#
.# #.*#........[..##.#
* # #########.#.##.# *
*##+## #......#
##...## ###.####
##.....## ####.#


You could see Harold.

Vanquished Creatures
  Pikel (D:4)
  A hungry ghost (D:4)
  4 slaves (D:4)
  An ogre (D:7)
  A bullfrog (D:6)
  A wyvern zombie (D:6)
  2 scorpions
  2 howler monkeys (D:6)
  3 crimson imps (D:6)
  2 orc priests (D:5)
  4 orc wizards (D:6)
  A centaur skeleton (D:6)
  3 worker ants
  Robin (D:3)
  5 adders
  A worm (D:4)
  2 leopard geckos
  2 orcs
  A giant cockroach (D:4)
  13 goblins
  3 hobgoblins
  7 jackals
  4 kobolds
  A quokka (D:7)
  A ball python (D:6)
  5 bats
  2 frilled lizards (D:2)
  2 rats
76 creatures vanquished.

Notes
Turn   | Place    | Note
-------+----------+-------------------------------------------
     0 | D:1      | Flugkiller the Deep Dwarf Fighter began the quest for the
                  | Orb.
     0 | D:1      | Reached XP level 1. HP: 20/20 MP: 1/1
    72 | D:2      | Reached XP level 2. HP: 22/27 MP: 2/2
   145 | D:2      | Reached skill level 3 in Axes
   145 | D:2      | Reached XP level 3. HP: 21/34 MP: 3/3
   452 | D:3      | Noticed Robin
   475 | D:3      | Killed Robin
   650 | D:3      | Reached XP level 4. HP: 37/42 MP: 4/4
   717 | D:4      | Noticed a slave
   720 | D:4      | Noticed Pikel
   720 | D:4      | Noticed a slave
   720 | D:4      | Noticed a slave
   720 | D:4      | Noticed a slave
   744 | D:4      | Killed a slave
   750 | D:4      | Killed a slave
   758 | D:4      | Killed a slave
   761 | D:4      | Killed a slave
   810 | D:4      | Killed Pikel
   810 | D:4      | Reached skill level 5 in Axes
   810 | D:4      | Reached XP level 5. HP: 43/50 MP: 4/4
   810 | D:4      | Reached XP level 6. HP: 49/57 MP: 5/5
   997 | D:4      | Noticed a hungry ghost
  1024 | D:4      | Killed a hungry ghost
  1024 | D:4      | Reached skill level 5 in Armour
  1024 | D:4      | Reached skill level 5 in Shields
  1024 | D:4      | Reached XP level 7. HP: 51/64 MP: 6/6
  1222 | D:5      | Entered Level 5 of the Dungeon
  1296 | D:5      | Reached skill level 6 in Axes
  1759 | D:6      | Found an ancient bone altar of Kikubaaqudgha.
  1784 | D:6      | Found a shimmering altar of Xom.
  1933 | D:6      | Reached XP level 8. HP: 49/73 MP: 5/5
  2011 | D:6      | Found the +8 Wrath of Trog {antimagic, *Rage}
  2045 | D:6      | Reached skill level 7 in Axes
  2231 | D:6      | Reached skill level 5 in Fighting
  2486 | D:7      | Noticed Harold
  2495 | D:7      | Slain by Harold

Illustrated notes

Levels and vault maps discovered:
D:1:      elethiomel_arrival_infinity_welcomes_careful_drivers, layout_basic
D:2:      layout_basic
D:3:      layout_basic, first_ration, uniq_robin
D:4:      layout_cave_pools, uniq_pikel
D:5:      layout_basic, temple_green
D:6:      layout_loops_cross, grunt_temple_overflow_open, kennysheep_doodads
D:7:      layout_loops_corners, minitemple, gammafunk_ghost_cemetery,
          uniq_duvessa, uniq_harold

Skill      XL: |  1  2  3  4  5  6  7  8 |
---------------+-------------------------+-----
Fighting       | 3 4 5 |  5.1
Axes           | 3 5 6 7 |  7.5
Armour         | 4 5 6 |  6.1
Shields        | 4 5 |  5.8

Action                   |  1- 3 |  4- 6 |  7- 9 || total
-------------------------+-------+-------+-------++-------
Melee: War axe           |    83 |   106 |   122 ||   311
       Battleaxe         |       |       |    23 ||    23
       Broad axe         |       |       |     9 ||     9
 Abil: Heal Wounds       |     1 |     6 |     3 ||    10
  Eat: Ration            |       |     3 |       ||     3
       Chunk             |       |     2 |     5 ||     7
Armor: Scale mail        |    46 |    67 |    55 ||   168
Dodge: Dodged            |    38 |    40 |    39 ||   117
Block: Kite shield       |    56 |    77 |    68 ||   201
